 Dungeon Crawl Stone Soup version 0.29-a0-397-g846e4a0bbc (webtiles) character file.

Game seed: 10976556294217255624

167606 Bruhh the Prince of Secrets (level 17, -13/150 HPs)
             Began as a Gnoll Ice Elementalist on May 11, 2022.
             Was a High Priest of Ashenzari.
             Killed from afar by Nikola (37 damage)
             ... with a bolt of lightning
             ... on level 2 of the Snake Pit on May 12, 2022.
             The game lasted 01:16:46 (41807 turns).

Bruhh the Prince of Secrets (GnIE)                 Turns: 41807, Time: 01:16:47

Health: -13/150    AC: 10    Str: 15    XL:     17   Next: 63%
Magic:  5/40       EV: 21    Int: 20    God:    Ashenzari [*****.]
Gold:   2461       SH: 15    Dex: 17    Spells: 15/54 levels left

rFire   . . .      SeeInvis +   w - staff of cold
rCold   + . .      Faith    .   a - +2 kite shield of Supernal Understanding {rPois, Self, Alch} (curse)
rNeg    + . .      Spirit   .   p - +1 robe "Eternal Together" {Dex+3 Archmagi, Elem, Self} (curse)
rPois   +          Reflect  .   P - +0 helmet "Eternal Elitism" {Cun, Bglg} (curse)
rElec   .          Harm     .   i - +0 cloak
rCorr   .          Rampage  .   n - +0 pair of gloves "Cursed Anxiety" {Cun, Self} (curse)
Will    ++++.      Archmagi +   l - +0 pair of boots of Ashenzari's Moon {Cun, Elem} (curse)
Stlth   +++++++... Clarity  +   W - amulet of the Four Winds {rN+ Will+++ Clar, Evo, Elem} (curse)
HPRegen 0.35/turn               Y - ring "Moon of the Cosmic Sage" {Str+6, Self, Bglg} (curse)
MPRegen 0.27/turn               V - ring of the Mantic the Ego {Wiz, Bglg, Self} (curse)

@: unable to drink
A: fangs 1, strong nose, distributed training
}: 1/15 runes: decaying
a: Renounce Religion, Curse Item, Shatter the Chains


You were on level 2 of the Snake Pit.
You worshipped Ashenzari.
Ashenzari was extremely pleased with you.
You visited 6 branches of the dungeon, and saw 30 of its levels.
You also visited: Bailey.

You collected 3283 gold pieces.
You spent 822 gold pieces at shops.

Inventory:

Armour
 a - the cursed +2 kite shield of Supernal Understanding (worn) {rPois, Self, Alch}
   (You acquired it on level 1 of the Lair of Beasts)

   It has a curse which improves the following skills: Introspection: Fighting
   and Spellcasting.
   Alchemy:   Poison Magic and Transmutations.
 i - a +0 cloak (worn)
 l - the cursed +0 pair of boots of Ashenzari's Moon (worn) {Cun, Elem}
   (You found it on level 2 of the Dungeon)

   It has a curse which improves the following skills: Cunning: Dodging and
   Stealth.
   Elements:  Fire Magic, Ice Magic, Air Magic and Earth Magic.
 n - the cursed +0 pair of gloves "Cursed Anxiety" (worn) {Cun, Self}
   (You found it on level 2 of the Dungeon)

   It has a curse which improves the following skills: Cunning: Dodging and
   Stealth.
   Introspection: Fighting and Spellcasting.
 p - the cursed +1 robe "Eternal Together" (worn) {Dex+3 Archmagi, Elem, Self}
   (You found it on level 2 of the Dungeon)

   Dex:       It affects your dexterity (+3).
   Archmagi:  It increases the power of your magical spells.
   It has a curse which improves the following skills: Elements: Fire Magic, Ice
   Magic, Air Magic and Earth Magic.
   Introspection: Fighting and Spellcasting.
 P - the cursed +0 helmet "Eternal Elitism" (worn) {Cun, Bglg}
   (You found it on level 9 of the Dungeon)

   It has a curse which improves the following skills: Cunning: Dodging and
   Stealth.
   Beguiling: Conjurations, Hexes and Translocations.
Magical Staves
 m - a staff of fire
 w - a staff of cold (weapon)
Jewellery
 c - a ring of positive energy
 o - a +6 ring of dexterity
 z - a ring of poison resistance
 C - an amulet of magic regeneration
 F - a ring of positive energy
 J - an amulet of reflection
 V - the cursed ring of the Mantic the Ego (right hand) {Wiz, Bglg, Self}
   (You found it on level 11 of the Dungeon)

   [ring of wizardry]

   It improves your spell success rate.
   It has a curse which improves the following skills: Beguiling: Conjurations,
   Hexes and Translocations.
   Introspection: Fighting and Spellcasting.
 W - the cursed amulet of the Four Winds (around neck) {rN+ Will+++ Clar, Evo, Elem}
   (You bought it in a shop on level 11 of the Dungeon)

   [amulet of nothing]

   rN:        It protects you from negative energy.
   Clar:      It protects you against confusion.
   Will:      It greatly increases your willpower.
   It has a curse which improves the following skills: Evocations: Evocations.
   Elements:  Fire Magic, Ice Magic, Air Magic and Earth Magic.
 Y - the cursed ring "Moon of the Cosmic Sage" (left hand) {Str+6, Self, Bglg}
   (You found it on level 1 of the Lair of Beasts)

   [ring of strength]

   Str:       It affects your strength (+6).
   It has a curse which improves the following skills: Introspection: Fighting
   and Spellcasting.
   Beguiling: Conjurations, Hexes and Translocations.
Wands
 v - a wand of flame (48)
 G - a wand of digging (9)
 K - a wand of charming (7)
 N - a wand of acid (20)
 O - a wand of paralysis (11)
 S - a wand of mindburst (6)
Scrolls
 d - 2 scrolls of amnesia
 e - 10 scrolls of vulnerability
 f - 6 scrolls of enchant weapon
 g - 4 scrolls of poison
 h - 6 scrolls of enchant armour
 j - 3 scrolls of summoning
 k - 2 scrolls of brand weapon
 q - 3 scrolls of blinking
 y - 4 scrolls of fog
 B - 2 scrolls of silence
 I - 13 scrolls of teleportation
 U - 6 scrolls of magic mapping
Potions
 b - 11 potions of curing
 r - 3 potions of cancellation
 s - 5 potions of haste
 t - 4 potions of berserk rage
 u - a potion of mutation
 x - 4 potions of flight
 A - 8 potions of might
 D - a potion of ambrosia
 E - 4 potions of heal wounds
 H - 7 potions of brilliance
 Z - a potion of resistance
Miscellaneous
 Q - a phial of floods


   Skills:
 + Level 11.8(18.2) Fighting
 + Level 11.8 Short Blades
 + Level 11.8 Long Blades
 + Level 11.8 Axes
 + Level 11.8 Maces & Flails
 + Level 11.8 Polearms
 + Level 11.8 Staves
 + Level 11.8 Slings
 + Level 11.8 Bows
 + Level 11.8 Crossbows
 + Level 11.8 Throwing
 + Level 11.8 Armour
 + Level 12.6(17.1) Dodging
 + Level 12.5(17.0) Stealth
 + Level 11.8 Shields
 + Level 11.8 Unarmed Combat
 + Level 12.8(19.2) Spellcasting
 + Level 10.0(14.5) Conjurations
 + Level 10.0(14.5) Hexes
 + Level 10.0 Summonings
 + Level 10.0 Necromancy
 + Level 10.0(14.5) Translocations
 + Level 10.0(12.3) Transmutations
 + Level 10.0(14.5) Fire Magic
 + Level 12.2(16.6) Ice Magic
 + Level 10.0(14.5) Air Magic
 + Level 10.0(14.5) Earth Magic
 + Level 10.0(12.3) Poison Magic
 + Level 12.8 Invocations
 + Level 11.8(14.0) Evocations


You had 15 spell levels left.
You knew the following spells:

 Your Spells              Type           Power      Damage    Failure   Level
a - Freeze                Ice            100%       1d11      0%          1
b - Frozen Ramparts       Ice            100%       1d12      0%          3
c - Ozocubu's Armour      Ice            100%       N/A       0%          3
d - Mephitic Cloud        Conj/Pois/Air  84%        N/A       1%          3
e - Hailstorm             Conj/Ice       100%       3d20      1%          4
f - Eringya's Noxious Bo  Tmut/Pois      40%        N/A       2%          6
g - Iron Shot             Conj/Erth      43%        9d8       1%          6
i - Ozocubu's Refrigerat  Ice            57%        4d16      1%          7
j - Statue Form           Tmut/Erth      55%        N/A       1%          6

Your spell library contained the following spells:

 Spells                   Type           Power      Damage    Failure   Level
 Apportation              Tloc           100%       N/A       0%          1
 Magic Dart               Conj           100%       1d8       0%          1
 Slow                     Hex            100%       N/A       0%          1
 Blink                    Tloc           100%       N/A       0%          2
 Scorch                   Fire           100%       2d10      0%          2
 Static Discharge         Conj/Air       86%        N/A       0%          2
 Call Imp                 Summ           73%        N/A       1%          2
 Corpse Rot               Necr/Air       100%       N/A       1%          2
 Confusing Touch          Hex            86%        N/A       1%          3
 Conjure Flame            Conj/Fire      86%        6-21      1%          3
 Dazzling Flash           Conj/Hex       100%       N/A       1%          3
 Ignite Poison            Fire/Tmut/Pois 82%        N/A       1%          3
 Inner Flame              Hex/Fire       86%        N/A       1%          3
 Lesser Beckoning         Tloc           86%        N/A       1%          3
 Portal Projectile        Hex/Tloc       100%       N/A       1%          3
 Stone Arrow              Conj/Erth      100%       3d13      1%          3
 Teleport Other           Tloc           86%        N/A       1%          3
 Vampiric Draining        Necr           73%        2d11      1%          3
 Animate Armour           Summ/Erth      100%       N/A       1%          4
 Cause Fear               Hex            43%        N/A       1%          4
 Dispel Undead            Necr           73%        3d24      1%          4
 Flame Wave               Conj/Fire      86%        2d15      1%          4
 Iskenderun's Mystic Bla  Conj/Tloc      86%        2d17      1%          4
 Leda's Liquefaction      Hex/Erth       43%        N/A       1%          4
 Petrify                  Tmut/Erth      83%        N/A       1%          4
 Sticky Flame             Conj/Fire      86%        2d10      1%          4
 Blade Hands              Tmut           40%        N/A       1%          5
 Fireball                 Conj/Fire      43%        3d17      1%          5
 Lee's Rapid Deconstruct  Erth           43%        3d22*     1%          5
 Lightning Bolt           Conj/Air       43%        1d62      1%          5
 Manifold Assault         Tloc           86%        N/A       1%          5
 Summon Forest            Summ/Tloc      40%        N/A       1%          5
 Starburst                Conj/Fire      43%        6d12      1%          6
 Death Channel            Necr           36%        N/A       6%          6
 Summon Cactus Giant      Summ           36%        N/A       6%          6
 Malign Gateway           Summ/Tloc      40%        N/A       12%         7
 Summon Hydra             Summ           36%        N/A       30%         7
 Discord                  Hex            43%        N/A       34%         8
 Ignition                 Fire           43%        3d12      34%         8
 Lehudib's Crystal Spear  Conj/Erth      43%        10d10     34%         8
 Summon Horrible Things   Summ           36%        N/A       91%         8


Dungeon Overview and Level Annotations

Branches:
Dungeon (15/15)            Temple (1/1) D:4            Lair (6/6) D:11
  Swamp (4/4) Lair:3        Snake (2/4) Lair:2        Slime (0/5) Lair:5
    Orc (2/2) D:10            Elf (0/3) Orc:2        Vaults (0/5) D:13
 Depths (0/4) D:15         Bailey (visited)

Altars:
Ashenzari
Cheibriados
Dithmenos
Elyvilon
Hepliaklqana
Kikubaaqudgha
Makhleb
Nemelex Xobeh
Okawaru
Qazlal
Ru
Trog
Uskayaw
Vehumet
Wu Jian
Xom
Zin
The Shining One
Beogh

Shops:
D:2 ?!   D:11 (=(!?   Orc:2 (*?:

Annotations:
D:14 1 runed translucent door
Snake:2 Nikola


Innate Abilities, Weirdness & Mutations

You have very sharp teeth.
Your uncanny sense of smell can sniff out nearby items.
Your experience applies equally to all skills.


Message History

Nikola, the salamanders and the shock serpent are frozen.
Nikola is severely wounded.
The salamander is frozen!
You kill the salamander!
The salamander is frozen!
You kill the salamander!
The salamander is frozen!
You kill the salamander!
You kill the shock serpent!
Nikola casts a spell.
Lightning arcs from Nikola's hands!
The bolt of lightning hits you!!!
A bolt of lightning appears from out of thin air!
The bolt of lightning hits Nikola!
You hear an angry hiss. x5; You hear a shout!
Unknown command.
Casting: Ozocubu's Refrigeration (dangerous; 1% risk of failure)
Confirm with . or Enter, or press ? or * to list all spells.
You feel a strong surge of power!
The heat is drained from your surroundings.
You feel very cold.
Nikola is frozen.
Nikola is almost dead.
Nikola mumbles some strange words.
Lightning arcs from Nikola's hands!
The bolt of lightning hits you!!
* * * LOW HITPOINT WARNING * * *
A bolt of lightning appears from out of thin air!
The bolt of lightning hits Nikola!
You hear an angry hiss.
Unknown command.
Casting: Ozocubu's Refrigeration (dangerous; 1% risk of failure)
Confirm with . or Enter, or press ? or * to list all spells.
Okay, then.
Casting: Ozocubu's Refrigeration (dangerous; 1% risk of failure)
Confirm with . or Enter, or press ? or * to list all spells.
Aiming: Freeze (safe; 0% risk of failure)
Press: ? - help, Shift-Dir - straight line, f/p - Nikola
Aim: Nikola, wielding a +4 rapier of electrocution, wearing a +0 cloak and wearing a +0 pair of gloves (almost dead, poisoned)
You feel a strong surge of power!
You freeze Nikola.
Nikola is almost dead.
Nikola casts a spell at you. The bolt of lightning hits you!!!
You die...

#...##* *,, *
* ,......#####
* , ,
.......#####
** ,,,, , * ,*
....))†)#####
**, ,,, , ,, ,
,##[)[#####*
,,, , *,*
###)..####, ,
, * , * ,
,####).##.. *
, ,,, ,* ,,
,}###.@)#..
*,,, , *,
<,,###♣)@#.. ,
* ** ,, ,
,,###...#..**,
* , **
**##.[#### , *
* * #..?#### {
,,** , *#...##
*, * , ,,
....# * ** ,,
....# ** ,
^..#* ** * * ,
** , ** ,, ,


You could see Nikola (poisoned).

Vanquished Creatures
  Rupert (D:12)
  Jorgrun (Orc:1)
  Frances (Swamp:2)
  2 thorn hunters (Swamp:4)
  Kirke (Lair:5)
  Roxanne (D:15)
  An orc warlord (Orc:1)
  A fire giant (D:15)
  Aizul (Snake:1)
  9 eleionomae
  Azrael (Orc:2)
  4 bunyips
  Josephine (D:10)
  2 shambling mangroves (Swamp:4)
  A yaktaur captain (D:13)
  2 boulder beetles
  A salamander tyrant (Snake:2)
  18 hydras
  2 ogre magi (Orc:2)
  A centaur warrior (D:13)
  3 anacondas (Snake:1)
  2 alligators
  A naga warrior (Snake:1)
  2 catoblepae
  11 two-headed ogres
  Erica (Orc:1)
  4 death yaks (Lair:4)
  2 orc high priests
  Urug (Orc:2)
  Nergalle (Lair:4)
  4 naga sharpshooters
  2 shock serpents
  Sonja (Lair:4)
  3 skeletal warriors (D:15)
  Lodul (D:12)
  5 spriggan druids
  10 swamp dragons
  2 goliath frogs
  3 naga ritualists (Snake:1)
  2 deep trolls (Orc:2)
  A bog body (Swamp:1)
  A wizard (D:14)
  6 orc knights
  An orc sorcerer (Bailey)
  11 ugly things
  A will-o-the-wisp (Swamp:2)
  5 mana vipers (Snake:1)
  8 cyclopes
  3 manticores
  4 salamanders (Snake:2)
  20 black mambas
  2 guardian serpents
  6 elephants (Lair:4)
  Joseph (D:7)
  3 naga magi (Snake:2)
  A torpor snail (Lair:6)
  Maggie (D:10)
  6 cane toads
  An efreet (D:15)
  An unseen horror (D:13)
  Psyche (D:9)
  4 komodo dragons
  2 yaktaurs (D:13)
  7 polar bears
  7 tyrant leeches
  A bloated husk (Swamp:1)
  14 hornets
  15 trolls
  14 blink frogs
  9 dream sheep (Lair:6)
  13 slime creatures
  27 spriggans
  8 wraiths
  Sigmund (D:5)
  A vampire (D:10)
  54 yaks
  4 wyverns
  A basilisk (shapeshifter) (D:13)
  5 fire elementals (Orc:2)
  9 vampire mosquitoes
  3 basilisks
  15 swamp worms
  2 wargs (Orc:1)
  10 nagas
  4 acid dragons
  3 hell hounds (Orc:2)
  15 water moccasins
  32 orc warriors
  7 swamp drakes
  5 black bears
  3 boggarts (Lair:6)
  30 ogres
  33 wolves
  12 centaurs
  2 phantoms
  11 bullfrogs
  A necrophage (D:4)
  5 wights (D:9)
  9 howler monkeys
  6 electric eels
  3 jellies
  11 orc priests
  A gnoll shaman (D:4)
  Jessica (D:3)
  18 orc wizards
  6 iguanas
  11 gnolls
  10 adders
  2 ufetubi
  A worm (D:5)
  2 dart slugs
  56 orcs
  10 ball pythons
  5 bats
  13 endoplasms
  2 giant cockroaches
  19 goblins
  18 hobgoblins
  5 kobolds
  6 quokkas
  5 frilled lizards
  8 rats
814 creatures vanquished.

Vanquished Creatures (collateral kills)
  Snorg (Orc:1)
  An ogre (D:12)
2 creatures vanquished.

Vanquished Creatures (others)
  A salamander (Snake:2)
  A hornet (Swamp:4)
  A spriggan (Swamp:4)
  2 humans (Lair:5)
  4 foxfires (Swamp:2)
  28 fungi
  60 plants
97 creatures vanquished.

Grand Total: 913 creatures vanquished

Notes
Turn   | Place    | Note
-------+----------+-------------------------------------------
     0 | D:1      | Bruhh the Gnoll Ice Elementalist began the quest for the
                  | Orb.
     0 | D:1      | Reached XP level 1. HP: 13/13 MP: 6/6
   279 | D:1      | Reached XP level 2. HP: 17/19 MP: 4/7
   618 | D:1      | Reached skill level 5 in Spellcasting
   618 | D:1      | Reached XP level 3. HP: 18/25 MP: 1/9
   824 | D:1      | Reached skill level 1 in Invocations
   936 | D:1      | Found a faded altar of an unknown god.
   944 | D:1      | Got Plato's Collected Works on Translocation
  1111 | D:1      | Learned a level 3 spell: Frozen Ramparts
  1115 | D:1      | Learned a level 3 spell: Ozocubu's Armour
  1434 | D:2      | Reached skill level 1 in Fighting
  1434 | D:2      | Reached skill level 1 in Short Blades
  1434 | D:2      | Reached skill level 1 in Long Blades
  1434 | D:2      | Reached skill level 1 in Axes
  1434 | D:2      | Reached skill level 1 in Maces & Flails
  1434 | D:2      | Reached skill level 1 in Polearms
  1434 | D:2      | Reached skill level 1 in Staves
  1434 | D:2      | Reached skill level 1 in Slings
  1434 | D:2      | Reached skill level 1 in Bows
  1434 | D:2      | Reached skill level 1 in Crossbows
  1434 | D:2      | Reached skill level 1 in Throwing
  1434 | D:2      | Reached skill level 1 in Armour
  1434 | D:2      | Reached skill level 1 in Shields
  1434 | D:2      | Reached skill level 1 in Unarmed Combat
  1434 | D:2      | Reached skill level 1 in Evocations
  1510 | D:2      | Reached XP level 4. HP: 17/32 MP: 7/11
  1816 | D:2      | Found Elyeheu's Magic Scroll Boutique.
  2315 | D:2      | Found Momor's Distillery.
  2362 | D:2      | Identified the +1 robe of Wabuh {Dex+3 Archmagi}
  2535 | D:3      | Got the Compendium of the Rocks
  2566 | D:3      | Noticed Jessica
  2573 | D:3      | Reached skill level 1 in Conjurations
  2573 | D:3      | Reached skill level 1 in Hexes
  2573 | D:3      | Reached skill level 1 in Summonings
  2573 | D:3      | Reached skill level 1 in Necromancy
  2573 | D:3      | Reached skill level 1 in Translocations
  2573 | D:3      | Reached skill level 1 in Transmutations
  2573 | D:3      | Reached skill level 1 in Fire Magic
  2573 | D:3      | Reached skill level 1 in Air Magic
  2573 | D:3      | Reached skill level 1 in Earth Magic
  2573 | D:3      | Reached skill level 1 in Poison Magic
  2574 | D:3      | Killed Jessica
  2575 | D:3      | Reached XP level 5. HP: 37/37 MP: 5/12
  2835 | D:3      | Noticed a phantom
  2920 | D:4      | Reached XP level 6. HP: 3/44 MP: 2/13
  3699 | D:4      | Found a staircase to the Ecumenical Temple.
  3716 | Temple   | Entered the Ecumenical Temple
  3812 | Temple   | Became a worshipper of Ashenzari the Shackled
  3920 | D:3      | Reached skill level 5 in Dodging
  4316 | D:3      | Found a hide-covered altar of Uskayaw.
  4806 | D:4      | Reached XP level 7. HP: 51/51 MP: 12/15
  5262 | D:5      | Entered Level 5 of the Dungeon
  5575 | D:5      | Reached skill level 5 in Stealth
  5774 | D:5      | Noticed Sigmund
  5781 | D:5      | Killed Sigmund
  5782 | D:5      | Reached XP level 8. HP: 58/58 MP: 10/17
  6357 | D:5      | Reached * piety under Ashenzari
  6370 | D:6      | Learned a level 3 spell: Mephitic Cloud
  6794 | D:6      | Found a sand-covered staircase.
  7536 | D:7      | Noticed a two-headed ogre
  7553 | D:7      | Killed a two-headed ogre
  7554 | D:7      | Reached XP level 9. HP: 58/68 MP: 0/20
  7776 | D:7      | Noticed Joseph
  7796 | D:7      | Killed Joseph
  8513 | D:8      | Reached skill level 5 in Invocations
  8658 | D:8      | Found an iron altar of Okawaru.
  8703 | D:8      | Reached XP level 10. HP: 67/76 MP: 16/22
  8706 | D:8      | Reached skill level 5 in Fighting
  8706 | D:8      | Reached skill level 5 in Short Blades
  8706 | D:8      | Reached skill level 5 in Long Blades
  8706 | D:8      | Reached skill level 5 in Axes
  8706 | D:8      | Reached skill level 5 in Maces & Flails
  8706 | D:8      | Reached skill level 5 in Polearms
  8706 | D:8      | Reached skill level 5 in Staves
  8706 | D:8      | Reached skill level 5 in Slings
  8706 | D:8      | Reached skill level 5 in Bows
  8706 | D:8      | Reached skill level 5 in Crossbows
  8706 | D:8      | Reached skill level 5 in Throwing
  8706 | D:8      | Reached skill level 5 in Armour
  8706 | D:8      | Reached skill level 5 in Shields
  8706 | D:8      | Reached skill level 5 in Unarmed Combat
  8706 | D:8      | Reached skill level 5 in Evocations
  8993 | D:8      | Found an ornate altar of the Wu Jian Council.
  9393 | D:8      | Learned a level 4 spell: Hailstorm
 10339 | D:9      | Noticed Psyche
 10352 | D:9      | Killed Psyche
 10944 | D:10     | Entered Level 10 of the Dungeon
 11145 | D:10     | Noticed Maggie
 11149 | D:10     | Killed Maggie
 11150 | D:10     | Reached XP level 11. HP: 84/84 MP: 8/24
 11427 | D:10     | Found a flagged portal.
 11436 | Bailey   | Entered a bailey
 11512 | Bailey   | Noticed an orc knight
 11518 | Bailey   | Killed an orc knight
 11600 | Bailey   | Noticed an orc knight
 11602 | Bailey   | Killed an orc knight
 11603 | Bailey   | Reached skill level 5 in Conjurations
 11603 | Bailey   | Reached skill level 5 in Hexes
 11603 | Bailey   | Reached skill level 5 in Summonings
 11603 | Bailey   | Reached skill level 5 in Necromancy
 11603 | Bailey   | Reached skill level 5 in Translocations
 11603 | Bailey   | Reached skill level 5 in Transmutations
 11603 | Bailey   | Reached skill level 5 in Fire Magic
 11603 | Bailey   | Reached skill level 5 in Air Magic
 11603 | Bailey   | Reached skill level 5 in Earth Magic
 11603 | Bailey   | Reached skill level 5 in Poison Magic
 11985 | Bailey   | Found an iron altar of Okawaru.
 11986 | Bailey   | Noticed an orc high priest
 11987 | Bailey   | Noticed an orc sorcerer
 12002 | Bailey   | Killed an orc high priest
 12236 | Bailey   | Killed an orc sorcerer
 12349 | Bailey   | Identified the Guide on Warped Air
 12425 | Bailey   | Identified a scroll of acquirement
 12771 | D:10     | Noticed Josephine
 12780 | D:10     | Killed Josephine
 12988 | D:10     | Noticed an orc knight
 13004 | D:10     | Killed an orc knight
 13380 | D:10     | Found a staircase to the Orcish Mines.
 13680 | D:10     | Learned a level 4 spell: Animate Armour
 13900 | D:11     | Found Posoumn's Distillery.
 13906 | D:11     | Bought a potion of heal wounds for 60 gold pieces
 13906 | D:11     | Bought a potion of heal wounds for 60 gold pieces
 14187 | D:11     | Reached ** piety under Ashenzari
 14231 | D:11     | Found Mofroun's Antique Weapon Shoppe.
 14313 | D:11     | Found Guffazi's Antique Weapon Boutique.
 14467 | D:11     | Found a staircase to the Lair.
 14482 | D:11     | Found Etaliur's Jewellery Shop.
 14548 | D:11     | Noticed a two-headed ogre
 14563 | D:11     | Killed a two-headed ogre
 14564 | D:11     | Reached XP level 12. HP: 63/96 MP: 12/27
 14786 | D:11     | Found Qubloff's Magic Scroll Boutique.
 14890 | D:12     | Noticed Rupert
 14890 | D:12     | Noticed a two-headed ogre
 14893 | D:12     | Paralysed by Rupert for 3 turns
 14896 | D:12     | Killed a two-headed ogre
 14900 | D:12     | Killed Rupert
 15106 | D:12     | Noticed Lodul
 15118 | D:12     | Killed Lodul
 15214 | D:11     | Bought the amulet of the Four Winds {rN+ Will+++ Clar} for
                  | 702 gold pieces
 15214 | D:11     | Found the amulet of the Four Winds {rN+ Will+++ Clar}
 15454 | D:12     | Noticed a boulder beetle
 15476 | D:12     | Killed a boulder beetle
 15567 | D:12     | Noticed a catoblepas
 15581 | D:12     | Killed a catoblepas
 15599 | D:12     | Learned a level 6 spell: Iron Shot
 15605 | D:12     | Learned a level 5 spell: Lightning Bolt
 16774 | Lair:1   | Entered Level 1 of the Lair of Beasts
 16918 | Lair:1   | Noticed a five-headed hydra
 16926 | Lair:1   | Killed a five-headed hydra
 16943 | Lair:1   | Reached XP level 13. HP: 22/104 MP: 8/28
 17708 | Lair:1   | Reached *** piety under Ashenzari
 17947 | Lair:1   | Acquired a +2 kite shield of poison resistance
 19154 | Lair:2   | Found a staircase to the Snake Pit.
 20020 | Lair:3   | Reached skill level 10 in Ice Magic
 20182 | Lair:3   | Found a staircase to the Swamp.
 20371 | Lair:3   | Reached **** piety under Ashenzari
 21049 | Lair:4   | Noticed Nergalle
 21056 | Lair:4   | Killed Nergalle
 21144 | Lair:4   | Noticed Sonja
 21194 | Lair:4   | Killed Sonja
 21195 | Lair:4   | Reached skill level 10 in Spellcasting
 21518 | Lair:4   | Learned a level 7 spell: Ozocubu's Refrigeration
 22380 | Lair:5   | Noticed Kirke
 22386 | Lair:5   | Killed Kirke
 22387 | Lair:5   | Reached skill level 10 in Dodging
 22387 | Lair:5   | Reached XP level 14. HP: 118/118 MP: 13/32
 23334 | Lair:5   | Learned a level 6 spell: Statue Form
 23361 | Lair:5   | Found a staircase to the Slime Pits.
 23739 | Lair:6   | Entered Level 6 of the Lair of Beasts
 23792 | Lair:6   | Reached skill level 10 in Stealth
 24154 | Lair:6   | Reached skill level 10 in Invocations
 25648 | Orc:1    | Entered Level 1 of the Orcish Mines
 25653 | Orc:1    | Noticed Erica
 25658 | Orc:1    | Killed Erica
 25722 | Orc:1    | Noticed Snorg
 25897 | Orc:1    | Killed Snorg
 25948 | Orc:1    | Identified the cursed +0 pair of gloves "Cursed Anxiety"
                  | {Cun, Self} (You found it on level 2 of the Dungeon)
 25948 | Orc:1    | Identified the cursed +0 pair of boots of Ashenzari's Moon
                  | {Cun, Elem} (You found it on level 2 of the Dungeon)
 26213 | Orc:2    | Entered Level 2 of the Orcish Mines
 26213 | Orc:2    | Noticed Azrael
 26213 | Orc:2    | Noticed Jorgrun
 26227 | Orc:1    | Killed Jorgrun
 26268 | Orc:2    | Killed Azrael
 26459 | Orc:2    | Found Zesefem's Book Boutique.
 26464 | Orc:2    | Reached XP level 15. HP: 127/127 MP: 19/34
 26997 | Orc:2    | Noticed Urug
 27004 | Orc:2    | Killed Urug
 27140 | Orc:2    | Reached skill level 10 in Fighting
 27140 | Orc:2    | Reached skill level 10 in Short Blades
 27140 | Orc:2    | Reached skill level 10 in Long Blades
 27140 | Orc:2    | Reached skill level 10 in Axes
 27140 | Orc:2    | Reached skill level 10 in Maces & Flails
 27140 | Orc:2    | Reached skill level 10 in Polearms
 27140 | Orc:2    | Reached skill level 10 in Staves
 27140 | Orc:2    | Reached skill level 10 in Slings
 27140 | Orc:2    | Reached skill level 10 in Bows
 27140 | Orc:2    | Reached skill level 10 in Crossbows
 27140 | Orc:2    | Reached skill level 10 in Throwing
 27140 | Orc:2    | Reached skill level 10 in Armour
 27140 | Orc:2    | Reached skill level 10 in Shields
 27140 | Orc:2    | Reached skill level 10 in Unarmed Combat
 27140 | Orc:2    | Reached skill level 10 in Evocations
 27178 | Orc:2    | Found Vynwy's Magic Scroll Emporium.
 27294 | Orc:2    | Found Simneiq's Assorted Antiques.
 27296 | Orc:2    | Found Kaggyg's Weapon Boutique.
 27659 | Orc:2    | Found a staircase to the Elven Halls.
 28212 | Orc:1    | Reached ***** piety under Ashenzari
 28231 | Orc:1    | Learned a level 6 spell: Eringya's Noxious Bog
 28355 | Orc:1    | Found an ornate altar of the Wu Jian Council.
 28356 | Orc:1    | Found a transporter.
 28365 | Orc:1    | Found a transporter.
 28372 | Orc:1    | Found a transporter.
 28388 | Orc:1    | Found a transporter.
 28388 | Orc:1    | Noticed an orc warlord
 28390 | Orc:1    | Found an ornate altar of the Wu Jian Council.
 28780 | Orc:1    | Killed an orc warlord
 29426 | D:13     | Found a bloodstained altar of Trog.
 29623 | D:13     | Found a gate to the Vaults.
 31424 | D:14     | Found a runed translucent door.
 31599 | D:14     | Found a shadowy altar of Dithmenos.
 32034 | D:15     | Entered Level 15 of the Dungeon
 32532 | D:15     | Found a staircase to the Depths.
 32532 | D:15     | Noticed a fire giant
 32548 | D:15     | Killed a fire giant
 32622 | D:15     | Noticed Roxanne
 32631 | D:15     | Killed Roxanne
 32782 | D:15     | Reached XP level 16. HP: 140/140 MP: 19/38
 33326 | Swamp:1  | Entered Level 1 of the Swamp
 34794 | Swamp:2  | Noticed Frances
 34799 | Swamp:2  | Killed Frances
 36445 | Swamp:4  | Entered Level 4 of the Swamp
 37415 | Swamp:4  | Reached XP level 17. HP: 128/149 MP: 18/39
 38951 | Swamp:4  | Got a decaying rune of Zot
 39284 | Snake:1  | Entered Level 1 of the Snake Pit
 40087 | Snake:1  | Noticed Aizul
 40108 | Snake:1  | Killed Aizul
 41199 | Snake:2  | Noticed Nikola
 41203 | Snake:2  | HP: 7/187 [Nikola/arc of chain lightning (47)]
 41805 | Snake:2  | Reached skill level 10 in Conjurations
 41805 | Snake:2  | Reached skill level 10 in Hexes
 41805 | Snake:2  | Reached skill level 10 in Summonings
 41805 | Snake:2  | Reached skill level 10 in Necromancy
 41805 | Snake:2  | Reached skill level 10 in Translocations
 41805 | Snake:2  | Reached skill level 10 in Transmutations
 41805 | Snake:2  | Reached skill level 10 in Fire Magic
 41805 | Snake:2  | Reached skill level 10 in Air Magic
 41805 | Snake:2  | Reached skill level 10 in Earth Magic
 41805 | Snake:2  | Reached skill level 10 in Poison Magic
 41807 | Snake:2  | Killed from afar by Nikola

Illustrated notes

Levels and vault maps discovered:
D:1:      heliophobic_arrival_ceremonial_halls, layout_loops_ring,
          shapermc_ecumenical_altar_rom_forum, minmay_pentomino_u2
D:2:      layout_basic, serial_shops, shop, nicolae_shop_advertising_works
          [nicolae_subvault_shop_adworks]
D:3:      layout_loops_ring, lemuel_coloured_pillars_altar, uniq_jessica
D:4:      minmay_recursive_quarters, layout_basic, minmay_temple_entry_slanted
D:5:      layout_loops_corners, uniq_sigmund
D:6:      layout_basic, nicolae_ossuary_entry_false_entrances,
          chequers_serial_rivers_large_a
D:7:      layout_basic, skrybe_limestone_x, uniq_joseph
D:8:      layout_basic, mainiacjoe_overflow_chevrons,
          nicolae_wu_jian_immortal_techniques
D:9:      layout_basic, uniq_psyche
D:10:     layout_roguey, erik_orc_1, enter_bailey_3, uniq_maggie, uniq_josephine
D:11:     layout_gridville, lair_entry_dummy, serial_shops,
          nicolae_diamond_shop, shop, shop, shop, nicolae_shop_stone
D:12:     layout_loops_ring, nzn_sisyphean_effort, uniq_lodul, uniq_rupert
D:13:     layout_small_grid, david_vaults_2, serial_rivers,
          chequers_serial_rivers_micro_b, chequers_serial_rivers_micro_e,
          chequers_serial_rivers_micro_a, chequers_serial_rivers_marsh,
          chequers_serial_rivers_micro_b, chequers_serial_rivers_room_a,
          chequers_mini_garden, trog_ov_bears_minmay
D:14:     dreamdust_labyrinth, layout_irregular_city,
          grunt_dithmenos_smoke_and_mirrors, hangedman_decor_diamond_cutter
D:15:     grunt_enter_depths_giant_problem, layout_irregular_city,
          minmay_misc_feat_nine_boxes, minmay_misc_feat_tiny, uniq_roxanne
Temple:   mainiacjoe_temple_bowtie_tessellation
Lair:1:   layout_regular_city, gauntlet_entry_generic, serial_bayou_ford_a
Lair:2:   layout_chaotic_city, guppyfry_snake_entry_garden
Lair:3:   layout_roguey, minmay_swamp_entry_reptiles, serial_bayou_shore_a
Lair:4:   layout_regular_city, lookout_lair_type, uniq_nergalle, uniq_sonja
Lair:5:   layout_big_grid, nicolae_slime_entry_slimehenge, uniq_kirke
Lair:6:   minmay_lair_end_enchanted_forest, layout_cave_pods, lemuel_fruit_tree,
          lemuel_fruit_fields
Swamp:1:  layout_basic_swamp, evilmike_swamp_ruin_house_1, swamp_pool1,
          nicolae_swamp_well_well_well, infiniplex_staircase_pool
Swamp:2:  nicolae_swamp_ascending_descending, layout_basic_swamp,
          evilmike_swamp_ruin_rubble_2, uniq_frances
Swamp:3:  layout_basic_swamp, hangedman_swamp_blocks
Swamp:4:  swamp, layout_basic_swamp
Snake:1:  nicolae_snake_nest, layout_honeycomb, st_stairs_8, uniq_aizul
Snake:2:  layout_misc_corridors, serial_shops, shop, grunt_megastairs_5,
          uniq_donald, uniq_nikola, uniq_vashnia
Orc:1:    dreamdust_wu_jian_sword_trials, layout_caves, mines2_david,
          uniq_erica, uniq_snorg
Orc:2:    st_orc_open, layout_caves, uniq_urug, uniq_azrael, uniq_jorgrun

Skill      XL: |  1  2  3  4  5  6  7  8  9 10 11 12 13 14 15 16 17 |
---------------+----------------------------------------------------+-----
Spellcasting   | 5 6 7 8 9 10 11 12 | 12.8
Invocations    | 1 2 3 4 5 6 7 8 9 10 11 12 | 12.8
Fighting       | 1 2 3 4 5 6 7 8 9 10 11 | 11.8
Short Blades   | 1 2 3 4 5 6 7 8 9 10 11 | 11.8
Long Blades    | 1 2 3 4 5 6 7 8 9 10 11 | 11.8
Axes           | 1 2 3 4 5 6 7 8 9 10 11 | 11.8
Maces & Flails | 1 2 3 4 5 6 7 8 9 10 11 | 11.8
Polearms       | 1 2 3 4 5 6 7 8 9 10 11 | 11.8
Staves         | 1 2 3 4 5 6 7 8 9 10 11 | 11.8
Slings         | 1 2 3 4 5 6 7 8 9 10 11 | 11.8
Bows           | 1 2 3 4 5 6 7 8 9 10 11 | 11.8
Crossbows      | 1 2 3 4 5 6 7 8 9 10 11 | 11.8
Throwing       | 1 2 3 4 5 6 7 8 9 10 11 | 11.8
Armour         | 1 2 3 4 5 6 7 8 9 10 11 | 11.8
Shields        | 1 2 3 4 5 6 7 8 9 10 11 | 11.8
Unarmed Combat | 1 2 3 4 5 6 7 8 9 10 11 | 11.8
Evocations     | 1 2 3 4 5 6 7 8 9 10 11 | 11.8
Conjurations   | 1 2 3 4 5 6 7 8 9 10 | 10.0
Hexes          | 1 2 3 4 5 6 7 8 9 10 | 10.0
Summonings     | 1 2 3 4 5 6 7 8 9 10 | 10.0
Necromancy     | 1 2 3 4 5 6 7 8 9 10 | 10.0
Translocations | 1 2 3 4 5 6 7 8 9 10 | 10.0
Transmutations | 1 2 3 4 5 6 7 8 9 10 | 10.0
Fire Magic     | 1 2 3 4 5 6 7 8 9 10 | 10.0
Air Magic      | 1 2 3 4 5 6 7 8 9 10 | 10.0
Earth Magic    | 1 2 3 4 5 6 7 8 9 10 | 10.0
Poison Magic   | 1 2 3 4 5 6 7 8 9 10 | 10.0
Dodging        | 5 6 7 8 9 10 11 12 | 12.6
Stealth        | 5 6 7 8 9 10 11 12 | 12.5
Ice Magic      | 8 9 10 11 12 | 12.2

Action                   |  1- 3 |  4- 6 |  7- 9 | 10-12 | 13-15 | 16-18 || total
-------------------------+-------+-------+-------+-------+-------+-------++-------
Melee: Unarmed           |    20 |    15 |       |       |       |       ||    35
       Bite              |     3 |     3 |     6 |    16 |    79 |    45 ||   152
       Punch             |     1 |     1 |     6 |     1 |     1 |       ||    10
       Staff             |       |    31 |    56 |   106 |   577 |   336 ||  1106
Throw: Javelin           |       |       |     1 |       |       |       ||     1
 Cast: Freeze            |    51 |    71 |    63 |   163 |     4 |     2 ||   354
       Frozen Ramparts   |       |     4 |    11 |    31 |    10 |       ||    56
       Ozocubu's Armour  |       |     3 |    11 |    21 |     8 |       ||    43
       Mephitic Cloud    |       |       |     2 |     3 |       |       ||     5
       Hailstorm         |       |       |       |    54 |     2 |       ||    56
       Animate Armour    |       |       |       |     3 |       |       ||     3
       Lightning Bolt    |       |       |       |    17 |     1 |       ||    18
       Iron Shot         |       |       |       |     4 |   107 |   128 ||   239
       Ozocubu's Refrige |       |       |       |       |    71 |    47 ||   118
       Statue Form       |       |       |       |       |     9 |    22 ||    31
       Eringya's Noxious |       |       |       |       |     2 |       ||     2
Invok: Curse Item        |       |     1 |     1 |     1 |     6 |       ||     9
       Shatter the Chain |       |       |       |       |     1 |       ||     1
Evoke: Wand              |       |       |     1 |     7 |       |       ||     8
  Use: Potion            |     1 |       |       |     4 |     3 |     2 ||    10
       Scroll            |       |       |       |     1 |     4 |     2 ||     7
 Stab: Sleeping          |     2 |     1 |       |       |     3 |       ||     6
       Held in net/web   |     1 |       |       |       |       |       ||     1
       Distracted        |       |       |       |     1 |     4 |       ||     5
       Confused          |       |       |       |     1 |       |       ||     1
Armor: Robe              |    13 |    24 |    42 |    91 |   106 |     6 ||   282
       Skin              |       |       |       |       |    51 |   239 ||   290
Dodge: Dodged            |    44 |    69 |    78 |   209 |   436 |   391 ||  1227
Block: Other             |       |       |    14 |    35 |       |       ||    49
       Reflection        |       |       |     1 |     4 |       |       ||     5
       Orb               |       |       |       |    12 |       |       ||    12
       Kite shield       |       |       |       |       |   457 |   398 ||   855

Table legend: (Time is in decaauts)
 A = Elapsed time spent in this place.
 B = Non-inter-level travel time spent in this place.
 C = Inter-level travel time spent in this place.
 D = Time resting spent in this place.
 E = Time spent auto-exploring this place.
 F = Levels seen in this place.
 G = Mean time per level.
                   A        B        C        D        E       F      G
               +--------+--------+--------+--------+--------+-----+--------+
         Total |  42873 |  41033 |   1840 |   5640 |  29264 |  31 | 1383.0 |
       Dungeon |  20043 |  18811 |   1232 |   1201 |  14951 |  15 | 1336.2 |
        Temple |    115 |     96 |     19 |      0 |     82 |   1 |  115.0 |
          Lair |   8924 |   8591 |    333 |    645 |   6720 |   6 | 1487.3 |
         Swamp |   6444 |   6310 |    134 |   1699 |   3664 |   4 | 1611.0 |
     Snake Pit |   2724 |   2692 |     32 |    805 |   1524 |   2 | 1362.0 |
  Orcish Mines |   3345 |   3257 |     88 |   1289 |   1329 |   2 | 1672.5 |
        Bailey |   1276 |   1276 |      0 |      0 |    992 |   1 | 1276.0 |
               +--------+--------+--------+--------+--------+-----+--------+

Top non-repeatable levels by time:
 Snake:1: 2678 daAuts
 Swamp:3: 2546 daAuts
   Orc:1: 1991 daAuts
  Lair:4: 1950 daAuts
    D:10: 1826 daAuts
     D:4: 1797 daAuts
    D:12: 1755 daAuts
  Lair:6: 1735 daAuts
     D:9: 1664 daAuts
    D:11: 1649 daAuts
  Lair:1: 1617 daAuts
 Swamp:4: 1584 daAuts
    D:13: 1525 daAuts
   Orc:2: 1353 daAuts
  Lair:2: 1350 daAuts
